AoeStats
← Xeuro

Arena

508790085Analyzed
3v3 RM · 8d ago on Sep 24, 2026· 84m 41s· 6 players
Game mode
Random Map
Map size
Normal (6 player)
Population
200
Speed
Normal
Resources
Standard
Victory
Conquest
Starting age
Dark Age
Ending age
Imperial Age
RankedLock teamsTeams togetherTeam positionsShared explorationLock speedFull tech treeHidden civsTurbo modeCheats
Victory
Defeat
🇺🇸 Burgundians · United States
839
+16
🇺🇸 Italians · United States
802
+18
🇺🇸 Saxons · United States
783
+18
🇨🇳 Jurchens · China
856
-18
🇺🇸 Saracens · United States
838
-17
🇺🇸 Saxons · United States
820
-41
mboxall2
12:26 Feudal Age
16:40 Castle Age
17:16 Double-Bit Axe
17:14 Horse Collar
19:10 Stone Mining
19:31 Fletching
20:02 Gambesons
20:59 Gold Mining
24:41 Heavy Plow
25:32 Squires
25:19 Arson
25:48 Forging
27:02 Scale Mail Armor
27:54 Crossbowman
33:18 Imperial Age
31:26 Wheelbarrow
31:17 Padded Archer Armor
32:52 Hand Cart
33:24 Bow Saw
34:10 Iron Casting
33:31 Bodkin Arrow
33:49 Thumb Ring
34:21 Conscription
35:29 Gold Shaft Mining
34:51 Cranequins
35:48 Elite Varangian Guard
36:59 Elite Hearth Troop
39:38 Arbalester
44:02 Shield Wall
45:56 Two-Man Saw
48:42 Ballistics
48:43 Masonry
50:38 Chain Mail Armor
50:39 Leather Archer Armor
50:24 Bracer
54:02 Onager
56:50 Plate Mail Armor
56:40 Elite Skirmisher
Xeuro
2:47 Loom
11:23 Feudal Age
12:47 Wheelbarrow
12:01 Double-Bit Axe
13:02 Horse Collar
18:59 Castle Age
16:57 Fletching
18:32 Stone Mining
19:22 Town Watch
20:04 Bodkin Arrow
24:29 Ballistics
25:51 Fortified Wall
26:28 Fervor
26:39 Sanctity
26:43 Masonry
28:54 Bow Saw
33:03 Imperial Age
30:48 Pikeman
31:30 Squires
31:35 Crossbowman
32:54 Heavy Plow
33:35 Thumb Ring
34:00 Arbalester
35:39 Conscription
35:50 Padded Archer Armor
36:26 Murder Holes
37:14 Bracer
39:20 Chemistry
39:44 Hoardings
40:08 Siege Engineers
40:36 Leather Archer Armor
43:10 Light Cavalry
44:01 Bloodlines
44:04 Counterweights
43:48 Hussar
44:31 Husbandry
47:17 Bimaristan
47:30 Town Patrol
49:17 Ring Archer Armor
49:30 Block Printing
49:53 Theocracy
50:04 Illumination
50:17 Hand Cart
50:26 Caravan
58:00 Elite Skirmisher
58:24 Elite Mameluke
80:08 Redemption
85:27 Two-Man Saw
1363454470
10:57 Feudal Age
12:08 Double-Bit Axe
16:04 Castle Age
17:13 Bow Saw
17:05 Stone Mining
17:21 Gold Mining
18:50 Gold Shaft Mining
21:52 Horse Collar
27:45 Heavy Plow
30:45 Imperial Age
29:43 Wheelbarrow
31:07 Treadmill Crane
31:50 Hand Cart
32:44 Two-Man Saw
31:39 Stone Mining
33:15 Chemistry
33:01 Crop Rotation
33:18 Forging
33:10 Scale Mail Armor
33:49 Stone Shaft Mining
33:57 Loom
35:09 Elite Fire Lancer
36:20 Conscription
37:32 Iron Casting
37:13 Chain Mail Armor
39:26 Blast Furnace
44:43 Scale Barding Armor
46:26 Chain Barding Armor
46:40 Arson
47:42 Squires
49:54 Plate Barding Armor
71:00 Elite Steppe Lancer
73:20 Bloodlines
73:11 Husbandry
Golden-Dragon
10:20 Feudal Age
9:40 Horse Collar
10:03 Double-Bit Axe
11:58 Bow Saw
12:43 Heavy Plow
12:49 Gold Mining
20:32 Castle Age
19:16 Stone Mining
22:34 Guilds
23:10 Husbandry
22:32 Cavalier
23:20 Scale Barding Armor
23:27 Forging
25:00 Stone Shaft Mining
25:10 Treadmill Crane
29:14 Chain Barding Armor
33:46 Imperial Age
33:55 Fortified Wall
34:48 Wheelbarrow
35:30 Chemistry
34:59 Conscription
34:14 Paladin
36:27 Hand Cart
36:50 Plate Barding Armor
42:28 Iron Casting
45:35 Blast Furnace
45:39 Gold Shaft Mining
Glizzygirl10247
10:09 Feudal Age
11:53 Wheelbarrow
10:59 Horse Collar
13:06 Double-Bit Axe
22:06 Castle Age
21:07 Gold Mining
21:08 Stone Mining
23:44 Bow Saw
24:15 Pikeman
24:55 Squires
26:15 Heavy Plow
26:22 Treadmill Crane
27:10 Padded Archer Armor
27:01 Fletching
28:42 Hand Cart
28:57 Fortified Wall
35:38 Imperial Age
32:37 Elite Skirmisher
34:24 Thumb Ring
34:02 Crossbowman
36:15 Caravan
36:18 Scale Mail Armor
36:29 Forging
36:49 Ballistics
37:11 Crop Rotation
37:43 Two-Man Saw
38:45 Conscription
39:37 Chain Mail Armor
39:38 Leather Archer Armor
39:18 Bodkin Arrow
41:41 Chemistry
45:41 Elite Genoese Crossbowman
47:01 Plate Mail Armor
47:05 Ring Archer Armor
48:48 Pirotechnia
54:39 Bracer
69:10 Plate Mail Armor
70:27 Iron Casting
79:06 Arbalester
misterstaff
7:19 Loom
9:53 Feudal Age
10:20 Double-Bit Axe
14:27 Horse Collar
19:22 Castle Age
19:55 Gold Mining
19:55 Stone Mining
21:18 Wheelbarrow
20:52 Heavy Plow
27:55 Wheelbarrow
30:00 Imperial Age
27:51 Fortified Wall
29:35 Bow Saw
29:44 Hand Cart
29:30 Fletching
30:06 Ballistics
29:11 Crossbowman
30:52 Treadmill Crane
33:08 Masonry
33:16 Forging
33:09 Scale Mail Armor
33:14 Padded Archer Armor
33:22 Murder Holes
34:52 Conscription
36:33 Gold Shaft Mining
37:15 Hoardings
38:05 Two-Man Saw
37:37 Crop Rotation
37:54 Chain Mail Armor
37:45 Scale Barding Armor
38:17 Iron Casting
37:36 Shield Wall
37:51 Elite Skirmisher
39:16 Bodkin Arrow
39:36 Leather Archer Armor
39:56 Elite Varangian Guard
41:37 Bracer
45:06 Guilds
46:02 Ring Archer Armor
45:32 Bracer
51:35 Plate Mail Armor
51:49 Arson
54:29 Shield Wall
55:00 Elite Hearth Troop
55:05 Clerical Recruitment
56:24 Theocracy
65:02 Thumb Ring
64:18 Arbalester
69:26 Squires
68:48 Pikeman
71:28 Halberdier
80:08 Capped Ram
83:34 Siege Ram
Connection lost

Rejoining the realm…

Still unreachable

The connection could not be restored.

Session expired

The server has moved on; the page needs a fresh start.